AoeStats
← Ekaterina

Arena

507882431Analyzed
4v4 RM · 12d ago on Sep 20, 2026· 31m 10s· 8 players
Game mode
Random Map
Map size
Large (8 player)
Population
200
Speed
Normal
Resources
Standard
Victory
Conquest
Starting age
Dark Age
Ending age
Imperial Age
RankedLock teamsTeams togetherTeam positionsShared explorationLock speedFull tech treeHidden civsTurbo modeCheats
Victory
Defeat
🇨🇴 Persians · Colombia
729
+14
🇷🇺 Huns · Russia
681
+16
🇺🇸 Burgundians · United States
617
+19
🇺🇸 Turks · United States
574
+21
🇺🇾 Cumans · Uruguay
881
-26
🇺🇾 Magyars · Uruguay
751
-29
🇨🇳 Koreans · China
568
-13
🇨🇳 Wei · China
534
-11
Noobburner
0:44 Loom
14:29 Feudal Age
16:31 Forging
20:05 Bloodlines
22:50 Castle Age
30:19 Fletching
31:33 Stone Mining
Lizzie Borden
12:03 Feudal Age
13:06 Double-Bit Axe
13:50 Loom
17:29 Castle Age
15:34 Horse Collar
21:06 Bow Saw
22:24 Fletching
23:31 Wheelbarrow
22:42 Town Watch
31:44 Bodkin Arrow
31:50 Padded Archer Armor
Germanico90
11:36 Feudal Age
12:20 Town Watch
14:04 Town Watch
16:34 Double-Bit Axe
16:32 Horse Collar
21:06 Castle Age
19:40 Gold Mining
25:07 Wheelbarrow
24:34 Town Patrol
27:07 Stone Mining
29:51 Husbandry
30:22 Heavy Plow
30:36 Bow Saw
30:40 Scale Barding Armor
ironside323437
1:37 Wheelbarrow
0:50 Loom
14:26 Double-Bit Axe
14:51 Horse Collar
17:59 Feudal Age
18:31 Town Watch
19:04 Heavy Plow
23:14 Bow Saw
23:25 Hand Cart
niminaroc
6:59 Loom
9:26 Feudal Age
11:32 Double-Bit Axe
14:41 Horse Collar
18:24 Town Watch
19:15 Wheelbarrow
19:02 Forging
18:58 Scale Barding Armor
Ekaterina
12:57 Feudal Age
15:20 Double-Bit Axe
21:28 Castle Age
临喻
6:48 Loom
11:28 Feudal Age
12:56 Wheelbarrow
12:29 Double-Bit Axe
14:12 Town Watch
14:14 Horse Collar
19:48 Castle Age
18:23 Gold Mining
21:10 Bow Saw
23:05 Gold Shaft Mining
22:44 Stone Mining
24:30 Stone Shaft Mining
24:00 Heavy Plow
24:20 Thumb Ring
23:37 Crossbowman
24:51 Squires
24:12 Pikeman
24:39 Arson
25:02 Fletching
25:24 Forging
25:20 Scale Barding Armor
29:05 Ballistics
29:03 Hand Cart
29:10 Hand Cart
30:38 Town Patrol
30:29 Elite Skirmisher
Elite Savage
Connection lost

Rejoining the realm…

Still unreachable

The connection could not be restored.

Session expired

The server has moved on; the page needs a fresh start.